 Dungeon Crawl Stone Soup version 0.22.1-1-ga44c0e56f4 (webtiles) character file.

114 Knicklaso the Magician (level 4, -6/30 HPs)
             Began as a Demonspawn Wizard on Sept 26, 2018.
             Mangled by a gnoll
             ... wielding a +3 spear
              (9 damage)
             ... on level 3 of the Dungeon.
             The game lasted 00:09:50 (2666 turns).

Knicklaso the Magician (Demonspawn Wizard)          Turns: 2666, Time: 00:09:51

Health: -6/30      AC:  2    Str:  8    XL:     4   Next: 66%
Magic:  3/9        EV: 12    Int: 20    God:
Gold:   70         SH:  4    Dex: 11    Spells: 2/10 levels left

rFire    . . .     SeeInvis .   e - +0 dagger (venom)
rCold    . . .     Gourm    .   (no shield)
rNeg     . . .     Faith    .   a - +0 robe
rPois    .         Spirit   .   b - +0 hat
rElec    .         Reflect  .   (no cloak)
rCorr    .         Harm     .   (no gloves)
MR       .....                  (no boots)
Stlth    ++........             (no amulet)
HPRegen  0.10/turn              (no ring)
MPRegen  0.11/turn              (no ring)

@: no status effects
A: large bone plates 1, powered by death 1
a: no special abilities


You were on level 3 of the Dungeon.
You were not hungry.

You visited 1 branch of the dungeon, and saw 3 of its levels.

You collected 70 gold pieces.

Inventory:

Hand Weapons
 c - a +0 dagger of venom
 e - a +0 dagger of venom (weapon)
Armour
 a - a +0 robe (worn)
 b - a +0 hat (worn)
Jewellery
 g - an uncursed amulet of the gourmand {unknown}
Scrolls
 f - 4 scrolls of teleportation {unknown}
 i - a scroll of amnesia {unknown}
 j - a scroll of magic mapping {unknown}
 k - a scroll of identify {unknown}
Potions
 h - 2 potions of curing {unknown}
Comestibles
 d - 4 rations


   Skills:
 - Level 1.7 Dodging
 - Level 1.7 Stealth
 + Level 3.7 Spellcasting
 * Level 3.7 Conjurations
 - Level 1.0 Summonings
 - Level 0.8 Translocations
 + Level 0.6 Poison Magic


You had 2 spell levels left.
You knew the following spells:

 Your Spells              Type           Power        Failure   Level  Hunger
a - Magic Dart            Conj           ###.         3%          1    None
b - Call Imp              Summ           #.......     13%         2    ##.....
c - Mephitic Cloud        Conj/Pois/Air  #.......     22%         3    ###....
d - Blink                 Tloc           N/A          14%         2    ##.....

Your spell library contained the following spells:

 Spells                   Type           Power        Failure   Level  Hunger
 Slow                     Hex            #.......     21%         2    ##.....
 Conjure Flame            Conj/Fire      ##......     19%         3    ###....


Dungeon Overview and Level Annotations

Branches:
Dungeon (3/15)

Altars:
Qazlal


Innate Abilities, Weirdness & Mutations

You are partially covered in large bone plates. (SH +4)
You regenerate a little health from kills.


Message History

The gnoll is lightly wounded.
Your shadow imp hits the gnoll but does no damage.
The gnoll hits you with an enchanted spear!
* * * LOW HITPOINT WARNING * * *
You barely miss the gnoll.
The gnoll is moderately wounded.
Your shadow imp gestures at the gnoll.
The gnoll barely resists.
The gnoll hits you but does no damage.
You hit the gnoll but do no damage.
The gnoll is moderately wounded.
Your shadow imp hits the gnoll but does no damage.
The gnoll hits you with an enchanted spear.
* * * LOW HITPOINT WARNING * * *
Casting: Magic Dart (safe; 3% risk of failure)
Confirm with . or Enter, or press ? or * to list all spells.
You blink.
You see here a frilled lizard skeleton.
The gnoll hits your shadow imp with an enchanted spear.
The gnoll hits you from afar with an enchanted spear!
You die...

#.#..(5K...#
#.#.(....###.###
#........#.....#
##.......#)#.#.#
#.g.....#.#...###
####......#.##....#
...g...####.....#g#
..........###.###.#
.......##.# #÷g.@.#
.....#.##.###.#####
.....#.......5...#
###..####g#5#
#.#####...#
#.#...(.#####
#.#.###.....#
#.#.######.###
#.#..........#


You could see 2 gnolls.

Vanquished Creatures
  A gnoll (D:3)
  An adder (D:3)
  A dart slug (D:2)
  2 leopard geckos (D:2)
  An orc (D:2)
  2 ball pythons
  8 bats
  A giant cockroach (D:1)
  6 hobgoblins
  3 jackals (D:1)
  A quokka (D:2)
  3 frilled lizards
  5 goblins
  13 kobolds
  7 rats
55 creatures vanquished.

Vanquished Creatures (collateral kills)
  Terence (D:3)
  2 adders (D:2)
3 creatures vanquished.

Grand Total: 58 creatures vanquished

Notes
Turn   | Place    | Note
-------+----------+-------------------------------------------
     0 | D:1      | Knicklaso the Demonspawn Wizard began the quest for the
                  | Orb.
     0 | D:1      | Reached XP level 1. HP: 13/13 MP: 4/4
   259 | D:1      | Gained mutation: You regenerate a little health from kills.
                  | [demonic ancestry]
   259 | D:1      | Reached XP level 2. HP: 19/19 MP: 0/6
   874 | D:1      | Gained mutation: You are partially covered in large bone
                  | plates. (SH +4) [demonic ancestry]
   874 | D:1      | Reached XP level 3. HP: 24/24 MP: 2/7
  1281 | D:2      | Learned a level 2 spell: Call Imp
  1285 | D:2      | Learned a level 3 spell: Mephitic Cloud
  1288 | D:2      | Learned a level 2 spell: Blink
  1452 | D:2      | Found a stormy altar of Qazlal.
  1953 | D:2      | Reached XP level 4. HP: 29/30 MP: 0/9
  2365 | D:3      | Noticed Terence
  2408 | D:3      | Killed Terence
  2666 | D:3      | Mangled by a gnoll

Skill      XL: |  1  2  3 |
---------------+----------+-----
Conjurations   | 2 3 |  3.7
Dodging        | |  1.7
Stealth        | |  1.7
Spellcasting   | |  3.7
Summonings     | |  1.0
Translocations | |  0.8
Poison Magic   | |  0.6

Action                   |  1- 3 |  4- 6 || total
-------------------------+-------+-------++-------
Melee: Club              |     2 |       ||     2
       Whip              |     3 |       ||     3
       Unarmed           |     1 |       ||     1
       Dagger            |    40 |    25 ||    65
 Cast: Magic Dart        |    99 |    12 ||   111
       Call Imp          |     2 |     4 ||     6
       Blink             |       |     1 ||     1
  Eat: Chunk             |     3 |     3 ||     6
Armor: Robe              |     5 |     3 ||     8
Dodge: Dodged            |    31 |    19 ||    50
Block: Other             |     4 |     5 ||     9
